 Dungeon Crawl Stone Soup version 0.25-a0-578-gc91f01c39c (webtiles) character file.

Game seed: 4621615931968326458, levelgen mode: deterministic

5770 Maize the Cleaver (level 10, -2/139 HPs)
             Began as a Minotaur Berserker on Mar 7, 2020.
             Was an Elder of Trog.
             Slain by a seven-headed hydra (11 damage)
             ... on level 1 of the Lair of Beasts.
             The game lasted 00:13:25 (7960 turns).

Maize the Cleaver (Minotaur Berserker)              Turns: 7960, Time: 00:13:27

Health: -2/139     AC: 15    Str: 25    XL:     10   Next: 49%
Magic:  9/9        EV:  8    Int:  7    God:    Trog [****..]
Gold:   441        SH:  0    Dex: 10    Spells: 9/9 levels left

rFire    . . .     SeeInvis .   z - +11 quarterstaff of Extinguishment {vorpal, rElec Int+3}
rCold    . . .     Gourm    +   (shield currently unavailable)
rNeg     . . .     Faith    .   P - +0 plate armour
rPois    .         Spirit   .   (helmet restricted)
rElec    +         Reflect  .   r - scarf {cloud immunity}
rCorr    +         Harm     .   y - +0 pair of gloves
MR       +....                  (no boots)
Stlth    ..........             J - amulet of the gourmand
HPRegen  0.33/turn              n - ring of protection from magic
MPRegen  0.11/turn              E - ring of resist corrosion

@: berserking, lethally poisoned (-2 -> -3), very quick
A: retaliatory headbutt, horns 2
a: Berserk, Trog's Hand, Brothers in Arms, Renounce Religion


You were on level 1 of the Lair of Beasts.
You worshipped Trog.
Trog was greatly pleased with you.
You were full.

You visited 2 branches of the dungeon, and saw 10 of its levels.

You collected 741 gold pieces.
You spent 300 gold pieces at shops.

Inventory:

Hand Weapons
 x - a +0 broad axe
 z - the +11 quarterstaff of Extinguishment (weapon) {vorpal, rElec Int+3}
   (Trog gifted it to you on level 6 of the Dungeon)

   It inflicts extra damage upon your enemies.
   It affects your intelligence (+3).
   It insulates you from electricity.
 L - a +0 battleaxe
Armour
 r - a scarf of cloud immunity (worn)
 y - a +0 pair of gloves (worn)
 P - a +0 plate armour (worn)
Jewellery
 n - a ring of protection from magic (left hand)
 t - an uncursed ring of positive energy
 E - a ring of resist corrosion (right hand)
 J - an amulet of the gourmand (around neck)
 M - an uncursed ring of fire
Wands
 B - a wand of iceblast (3)
 H - a wand of digging (6)
 I - a wand of polymorph (7)
 K - a wand of random effects (19)
 N - a wand of paralysis (6)
Scrolls
 e - 3 scrolls of immolation {unknown}
 f - 3 scrolls of enchant armour {unknown}
 h - a scroll of enchant weapon {unknown}
 j - 3 scrolls of random uselessness {unknown}
 l - 5 scrolls of remove curse
 m - 8 scrolls of teleportation {unknown}
 q - 12 scrolls of identify {unknown}
 s - 3 scrolls of amnesia {unknown}
 u - 2 scrolls of noise {unknown}
 C - a scroll of vulnerability {unknown}
 D - 3 scrolls of fog {unknown}
 G - a scroll of holy word {unknown}
Potions
 a - a potion of cancellation {unknown}
 b - 2 potions of berserk rage
 d - 5 potions of curing
 g - a potion of resistance {unknown}
 i - a potion of degeneration {unknown}
 k - a potion of lignification {unknown}
 o - 3 potions of heal wounds {unknown}
 p - a potion of stabbing {unknown}
 v - 2 potions of flight {unknown}
 w - a potion of might {unknown}
 A - 2 potions of haste {unknown}
 F - a potion of brilliance {unknown}
 O - a potion of mutation {unknown}
Comestibles
 c - 13 rations


   Skills:
 + Level 10.1 Fighting
 * Level 13.3 Axes
 + Level 9.7 Armour
 - Level 2.4 Dodging


You had 9 spell levels left.
You didn't know any spells.
Your spell library was empty.

Dungeon Overview and Level Annotations

Branches:
Dungeon (9/15)             Temple (0/1) D:7            Lair (1/6) D:9
    Orc: D:9-12

Altars:
Ashenzari
Dithmenos
Fedhas
Gozag
Kikubaaqudgha
Makhleb
Okawaru
Qazlal
Ru
Vehumet
Zin
The Shining One

Shops:
D:6 =

Annotations:
D:8 1 runed translucent door


Innate Abilities, Weirdness & Mutations

You reflexively headbutt those who attack you in melee.
You have a pair of horns on your head.


Message History

The seven-headed hydra bites you but does no damage.
The seven-headed hydra barely misses you.
You bludgeon the seven-headed hydra!!
The seven-headed hydra is moderately wounded.
The seven-headed hydra bites you but does no damage.
The seven-headed hydra bites you!
* * * LOW HITPOINT WARNING * * *
The seven-headed hydra bites you but does no damage.
The seven-headed hydra bites you.
* * * LOW HITPOINT WARNING * * *
The seven-headed hydra completely misses you.
The seven-headed hydra bites you but does no damage. x2
You sock the seven-headed hydra! You headbutt the seven-headed hydra!
The seven-headed hydra is severely wounded.
You feel sick. The seven-headed hydra bites you.
* * * LOW HITPOINT WARNING * * *
The seven-headed hydra bites you.
* * * LOW HITPOINT WARNING * * *
The seven-headed hydra bites you!
You die...

.##
....................
..##
..#.......#.....#..
.#.# ##..#########.#
...### ##..## #
#....## #....#
##....## ##....##
##....#####.#..#.#####
##.....#......D.....#
###..........@....##
#...............#
###.P######.#P### ####
#####


You could see a seven-headed hydra.

Vanquished Creatures
  A spiny frog (Lair:1)
  A hornet (D:9)
  Prince Ribbit (D:8)
  A vampire (D:7)
  A wyvern (D:8)
  3 soldier ants (D:8)
  2 water moccasins (D:8)
  The ghost of SnubMonkey the Ruffian, an amateur VSFi (D:4)
  An orc warrior (D:9)
  A black bear (D:8)
  4 sky beasts
  2 ice beasts
  A necrophage (D:7)
  5 phantoms
  3 ogres
  A centaur (D:9)
  7 bullfrogs
  2 wyvern skeletons
  A scorpion (D:7)
  16 killer bees (D:8)
  An electric eel (D:9)
  A quasit (D:9)
  3 jellies
  2 bullfrog skeletons
  6 hounds
  2 centaur skeletons
  3 iguanas
  3 orc wizards
  10 worker ants
  2 hound skeletons
  7 gnolls
  14 adders
  2 shadow imps
  3 oozes
  An adder zombie (D:6)
  2 adder skeletons
  5 worms
  3 leopard geckos
  26 orcs
  A ball python (D:1)
  5 giant cockroaches
  12 goblins
  12 hobgoblins
  14 jackals
  8 kobolds
  5 quokkas
  A ball python skeleton (D:4)
  11 bats
  5 frilled lizards
  2 leopard gecko skeletons
  2 quokka skeletons
  8 rats
237 creatures vanquished.

Notes
Turn   | Place    | Note
-------+----------+-------------------------------------------
     0 | D:1      | Maize the Minotaur Berserker began the quest for the Orb.
     0 | D:1      | Reached XP level 1. HP: 19/19 MP: 0/0
    74 | D:1      | Reached XP level 2. HP: 27/27 MP: 1/1
   121 | D:1      | Reached skill level 4 in Axes
   287 | D:1      | Reached ** piety under Trog
   343 | D:1      | Reached XP level 3. HP: 24/33 MP: 2/2
  1136 | D:2      | Reached XP level 4. HP: 41/41 MP: 3/3
  1144 | D:2      | Reached skill level 5 in Axes
  1979 | D:3      | Reached *** piety under Trog
  2006 | D:3      | Reached XP level 5. HP: 47/47 MP: 4/4
  2202 | D:3      | Found a sacrificial altar of Ru.
  2206 | D:3      | Found a glowing silver altar of Zin.
  2206 | D:3      | Found a shadowy altar of Dithmenos.
  2374 | D:3      | Reached skill level 5 in Fighting
  2374 | D:3      | Reached skill level 6 in Axes
  2528 | D:3      | Reached XP level 6. HP: 42/56 MP: 5/5
  2627 | D:4      | Reached **** piety under Trog
  2715 | D:4      | Found a transporter.
  2719 | D:4      | Noticed SnubMonkey's ghost (amateur VSFi)
  2732 | D:4      | Found a transporter.
  3236 | D:4      | Reached skill level 7 in Axes
  3239 | D:4      | Killed SnubMonkey's ghost
  3239 | D:4      | Reached skill level 5 in Armour
  3239 | D:4      | Reached XP level 7. HP: 62/62 MP: 6/6
  3313 | D:5      | Entered Level 5 of the Dungeon
  3520 | D:5      | Found a burning altar of Makhleb.
  3790 | D:5      | Reached skill level 8 in Axes
  4405 | D:6      | Reached XP level 8. HP: 56/71 MP: 7/7
  4495 | D:6      | Reached skill level 9 in Axes
  4669 | D:6      | Reached ***** piety under Trog
  4669 | D:6      | Received a gift from Trog
  4684 | D:6      | Got a dazzling quarterstaff {god gift}
  4696 | D:6      | Identified the +11 quarterstaff of Extinguishment {vorpal,
                  | rElec Int+3} (Trog gifted it to you on level 6 of the
                  | Dungeon)
  4826 | D:6      | Found a shadowy altar of Dithmenos.
  4880 | D:6      | Reached skill level 10 in Axes
  5034 | D:6      | Found Telaf's Jewellery Shop.
  5039 | D:6      | Bought an uncursed ring of resist corrosion for 300 gold
                  | pieces
  5107 | D:6      | Found a stormy altar of Qazlal.
  5370 | D:7      | You fall into a shaft and drop 2 floors!
  5372 | D:9      | Found a staircase to the Lair.
  5383 | D:9      | Found an ancient bone altar of Kikubaaqudgha.
  5470 | D:8      | Reached XP level 9. HP: 76/81 MP: 8/8
  5651 | D:8      | Found the +9 staff of Olgreb {rPois∞}
  5659 | D:8      | Reached skill level 11 in Axes
  5800 | D:8      | Found a glowing golden altar of the Shining One.
  5875 | D:8      | Found a runed translucent gate.
  5876 | D:8      | Found a runed translucent gate.
  5877 | D:8      | Found a runed translucent door.
  5890 | D:8      | Found a runed translucent gate.
  5892 | D:8      | Found a runed translucent door.
  5932 | D:8      | Received a gift from Trog
  5968 | D:8      | Reached skill level 12 in Axes
  6381 | D:8      | Noticed Prince Ribbit
  6388 | D:8      | Found a radiant altar of Vehumet.
  6414 | D:8      | Killed Prince Ribbit
  6414 | D:8      | Reached XP level 10. HP: 78/91 MP: 9/9
  6466 | D:7      | Found a shattered altar of Ashenzari.
  6740 | D:7      | Found an iron altar of Okawaru.
  6740 | D:7      | Found an opulent altar of Gozag.
  6745 | D:7      | Found a blossoming altar of Fedhas.
  6846 | D:7      | Found a staircase to the Ecumenical Temple.
  7362 | D:9      | Reached skill level 13 in Axes
  7580 | D:9      | Reached skill level 10 in Fighting
  7879 | Lair:1   | Entered Level 1 of the Lair of Beasts
  7928 | Lair:1   | Noticed a spiny frog
  7935 | Lair:1   | Killed a spiny frog
  7941 | Lair:1   | Noticed a seven-headed hydra
  7960 | Lair:1   | Slain by a seven-headed hydra

Levels and vault maps discovered:
D:1:      lemuel_arrival_lava_pool, layout_loops_ring, minivault_19,
          kennysheep_flooded_box
D:2:      layout_basic, minmay_quadrilaterals
D:3:      layout_rooms, grunt_temple_overflow_open, first_ration,
          minmay_increasing_density
D:4:      layout_loops_ring, gammafunk_ghost_arena
D:5:      layout_loops_corners, bloody_makhleb
D:6:      layout_rooms, lemuel_doored_altar, serial_shops,
          kennysheep_little_box, nicolae_dithmenos_through_a_glass_darkly
D:7:      layout_loops_cross, overflow_temple_1_default,
          nicolae_overflow_crystal_walls, gammafunk_temple_overflow_wave,
          minmay_temple_entry_poolview, wad_mini_maze
D:8:      layout_cave_pools, marbit_many_paths, lemuel_coloured_pillars_altar,
          minmay_guarded_unrand_staff_of_olgreb, uniq_prince_ribbit1
D:9:      layout_basic, kiku_gazebo_pond_becter, lair_entry_dummy,
          grunt_ogre_cave
Lair:1:   layout_concentric_octagons

Skill      XL: |  1  2  3  4  5  6  7  8  9 10 |
---------------+-------------------------------+-----
Axes           | 4 5 6 7 8 10 12 13 | 13.3
Fighting       | 4 5 6 7 9 10 | 10.1
Armour         | 3 4 5 6 7 9 |  9.7
Dodging        | |  2.4

Action                   |  1- 3 |  4- 6 |  7- 9 | 10-12 || total
-------------------------+-------+-------+-------+-------++-------
Melee: Hand axe          |    66 |   194 |     6 |       ||   266
       Headbutt          |    10 |    32 |    40 |    13 ||    95
       Broad axe         |       |       |   116 |       ||   116
       Quarterstaff      |       |       |   118 |    74 ||   192
Invok: Berserk           |     1 |     2 |     3 |     1 ||     7
  Use: Scroll            |       |     2 |       |       ||     2
       Potion            |       |       |     1 |     1 ||     2
  Eat: Chunk             |     1 |     8 |    10 |    12 ||    31
       Ration            |       |       |     1 |       ||     1
Armor: Animal skin       |     8 |       |       |       ||     8
       Ring mail         |     2 |    42 |       |       ||    44
       Leather armour    |     2 |       |       |       ||     2
       Chain mail        |       |    38 |   166 |    39 ||   243
       Plate armour      |       |       |       |    12 ||    12
Dodge: Dodged            |    41 |   100 |   133 |    33 ||   307

Table legend:
 A = Non-vault XP
 B = Vault XP
 C = Vault XP percentage of total XP
 D = Non-vault monster count
 E = Vault monster count
 F = Vault count percentage of total count
                 A         B        C        D         E       F
            +---------+---------+-------+---------+---------+-------
      Total |    5703 |    2540 |  30.8 |     195 |      42 |  17.7
            +---------+---------+-------+---------+---------+-------
        D:1 |      58 |       0 |   0.0 |      28 |       0 |   0.0
        D:2 |     121 |       3 |   2.4 |      30 |       2 |   6.2
        D:3 |     202 |      18 |   8.2 |      27 |       7 |  20.6
        D:4 |     221 |     200 |  47.5 |      19 |       5 |  20.8
        D:5 |     315 |       0 |   0.0 |      14 |       0 |   0.0
        D:6 |    1227 |       0 |   0.0 |      31 |       0 |   0.0
        D:7 |     767 |     336 |  30.5 |       8 |       3 |  27.3
        D:8 |    1100 |    1861 |  62.9 |      16 |      24 |  60.0
        D:9 |    1274 |     122 |   8.7 |      21 |       1 |   4.5
     Lair:1 |     418 |       0 |   0.0 |       1 |       0 |   0.0
            +---------+---------+-------+---------+---------+-------
